 Dungeon Crawl Stone Soup version 0.26-a0-660-gc07710193c (webtiles) character file.

Game seed: 3477885180940108685

0 tom967 the Caller (level 1, 0/13 HPs)
             Began as a Mummy Summoner on Oct 7, 2020.
             Slain by a rat (1 damage)
             ... on level 1 of the Dungeon.
             The game lasted 00:02:24 (84 turns).

tom967 the Caller (Mummy Summoner)                    Turns: 84, Time: 00:02:25

Health: 0/13       AC:  2    Str: 11    XL:     1   Next: 8%
Magic:  4/4        EV: 12    Int: 14    God:
Gold:   0          SH:  0    Dex: 12    Spells: 4/5 levels left

rFire    x . .     SeeInvis .   (no weapon)
rCold    + . .     Faith    .   (no shield)
rNeg     + + +     Spirit   .   a - +0 robe
rPois    ∞         Reflect  .   (no helmet)
rElec    .         Harm     .   (no cloak)
rCorr    .         Rampage  .   (no gloves)
MR       .....                  (no boots)
Stlth    ++........             (no amulet)
HPRegen  0.04/turn              (no ring)
MPRegen  0.09/turn              (no ring)

@: no status effects
A: no potions, fire vulnerability, cold resistance 1, negative energy resistance
3, torment resistance, unbreathing
a: no special abilities


You were on level 1 of the Dungeon.
You visited 1 branch of the dungeon, and saw 1 of its levels.

Inventory:

Armour
 a - a +0 robe (worn)


   Skills:
 + Level 1.5 Dodging
 + Level 1.5 Stealth
 + Level 2.6 Spellcasting
 + Level 3.3 Summonings


You had 4 spell levels left.
You knew the following spells:

 Your Spells              Type           Power        Failure   Level
a - Summon Small Mammal   Summ           ##..         6%          1

Your spell library contained the following spells:

 Spells                   Type           Power        Failure   Level
 Call Imp                 Summ           ##......     9%          2
 Call Canine Familiar     Summ           ##......     17%         3
 Summon Guardian Golem    Hex/Summ       #.......     34%         3
 Summon Ice Beast         Ice/Summ       #.......     75%         4
 Summon Lightning Spire   Summ/Air       #.......     75%         4


Dungeon Overview and Level Annotations

Branches:
Dungeon (1/15)

Altars:


Innate Abilities, Weirdness & Mutations

You do not drink.
Your flesh is vulnerable to fire.
You are immune to poison.
Your flesh is cold resistant. (rC+)
You are immune to negative energy. (rN+++)
You are immune to unholy pain and torment.
You can survive without breathing.


Message History

You closely miss the rat.
The bat barely misses you. x2; The rat bites you.
* * * LOW HITPOINT WARNING * * *
The bat hits you but does no damage.
The rat twitches its whiskers.
The rat bites you.
* * * LOW HITPOINT WARNING * * *
The bat hits you but does no damage. The rat misses you.
The bat barely misses you. The rat misses you. The bat barely misses you.
The rat misses you.
You closely miss the bat. The bat barely misses you. The rat misses you.
The bat hits you but does no damage.
You hit the rat but do no damage. The bat barely misses you. The rat bites you.
* * * LOW HITPOINT WARNING * * *
The bat closely misses you. The rat closely misses you.
The bat hits you but does no damage. The rat closely misses you.
The bat completely misses you. The bat hits you but does no damage.
The rat closely misses you. The bat hits you but does no damage.
The rat closely misses you. The bat hits you but does no damage.
The rat bites you.
You die...

#... $. ##... ..# ####...#
.... ?...#.#####
...(###..........
................. #
#............# ....
##...........# ##..#..
........r@.b.#######..#..
##.................#.#..
...................$...#
......................##
...$.........#.....##..##
...................###..#
................?...###.##
.........#####...........$
#.(.# #.....##.....


You could see a bat and a rat.

Vanquished Creatures
  A bat (D:1)
1 creature vanquished.

Notes
Turn   | Place    | Note
-------+----------+-------------------------------------------
     0 | D:1      | tom967 the Mummy Summoner began the quest for the Orb.
     0 | D:1      | Reached XP level 1. HP: 13/13 MP: 4/4
    84 | D:1      | Slain by a rat

Illustrated notes

Levels and vault maps discovered:
D:1:      lightli_molten_gateway, layout_rooms

Action                   || total
-------------------------++-------
Melee: Unarmed           ||     9
Armor: Robe              ||    26
Dodge: Dodged            ||    44

Table legend: (Time is in decaauts)
 A = Elapsed time spent in this place.
 B = Non-inter-level travel time spent in this place.
 C = Inter-level travel time spent in this place.
 D = Time resting spent in this place.
 E = Time spent auto-exploring this place.
 F = Levels seen in this place.
 G = Mean time per level.
                   A        B        C        D        E       F      G
               +--------+--------+--------+--------+--------+-----+--------+
         Total |     84 |     66 |     18 |      0 |      2 |   1 |   84.0 |
       Dungeon |     84 |     66 |     18 |      0 |      2 |   1 |   84.0 |
               +--------+--------+--------+--------+--------+-----+--------+

Top non-repeatable levels by time:
     D:1: 84 daAuts
